 Dungeon Crawl Stone Soup version 0.19.0-11-g3fc08b3 (webtiles) character file.

464 MDvedh the Cudgeler (level 6, -2/45 HPs)
             Began as a Mummy Gladiator on Nov 8, 2016.
             Was an Initiate of Okawaru.
             Slain by Duvessa
             ... wielding a +0 short sword
              (16 damage)
             ... on level 4 of the Dungeon.
             The game lasted 00:07:12 (3656 turns).

MDvedh the Cudgeler (Mummy Gladiator)               Turns: 3656, Time: 00:07:14

Health: -2/45      AC: 10    Str: 20    XL:     6   Next: 80%
Magic:  6/6        EV:  8    Int:  7    God:    Okawaru [......]
Gold:   139        SH:  0    Dex: 13    Spells: 0 memorised, 5 levels left

rFire  . . .     SeeInvis .     b - +0 whip (distort)
rCold  . . .     Gourm    .     k - +0 chain mail
rNeg   + + +     Faith    .     (no shield)
rPois  ∞         Spirit   .     c - +0 helmet
rElec  .         Reflect  .     g - +0 cloak
rCorr  .         Harm     .     (no gloves)
MR     +....                    (no boots)
Stlth  ..........               (no amulet)
                                h - ring of fire
                                f - ring of protection from magic

@: about to teleport
A: no food or potions, fire vulnerability, cold resistance 1, negative energy
resistance 3, torment resistance, unbreathing
a: Renounce Religion


You were on level 4 of the Dungeon.
You worshipped Okawaru.
Okawaru was noncommittal.
You were not hungry.

You visited 2 branches of the dungeon, and saw 5 of its levels.

You collected 139 gold pieces.

Inventory:

Hand Weapons
 a - a +0 quarterstaff
 b - a +0 whip of distortion (weapon)
Missiles
 d - 3 throwing nets (quivered)
Armour
 c - a +0 helmet (worn)
 g - a +0 cloak (worn)
 k - a +0 chain mail (worn)
Jewellery
 f - a ring of protection from magic (left hand)
 h - a ring of fire (right hand)
Wands
 l - a wand of random effects (29/48)
Scrolls
 e - a scroll of identify
 i - 3 scrolls of remove curse
 m - 2 scrolls of enchant armour
 n - a scroll of blinking


   Skills:
 + Level 2.3 Fighting
 * Level 5.1(5.5) Maces & Flails
 - Level 3.0(4.5) Staves
 - Level 1.5 Throwing
 + Level 1.0 Armour
 + Level 2.6 Dodging


You had 5 spell levels left.
You didn't know any spells.

Dungeon Overview and Level Annotations

Branches:
Dungeon (4/15)             Temple (1/1) D:4

Altars:
Ashenzari
Cheibriados
Dithmenos
Gozag
Hepliaklqana
Nemelex Xobeh
Okawaru
Qazlal
Ru
Sif Muna
Trog
Uskayaw
Vehumet
Yredelemnul
Zin
The Shining One

Shops:
D:4 *

Annotations:
D:2 Crazy Yiuf
D:4 Duvessa
Abyss:1 Blork the orc, Jessica


Innate Abilities, Weirdness & Mutations

You do not eat or drink.
Your flesh is vulnerable to fire.
You are immune to poison.
Your flesh is cold resistant. (rC+)
You are immune to negative energy. (rN+++)
You are immune to unholy pain and torment.
You can survive without breathing.


Message History

Duvessa is lightly wounded.
Duvessa hits you with a short sword. The quokka bites you.
You barely miss Duvessa.
Duvessa is lightly wounded.
Duvessa hits you but does no damage.
The quokka bites you but does no damage.
Duvessa hits you with a short sword. Duvessa hits you with a short sword!
You barely miss Duvessa.
Duvessa is lightly wounded.
Duvessa hits you with a short sword!
Your chain mail prevents you from hitting Duvessa.
Duvessa is lightly wounded.
Duvessa hits you but does no damage.
You hit Duvessa.
Space bends around Duvessa.
Duvessa is lightly wounded.
Duvessa hits you with a short sword!
As you read the scroll of teleportation, it crumbles to dust.
You feel strangely unstable. Duvessa hits you with a short sword!
You die...

.........,**,,**,***,,,,,,***,,,*
.........,,..#.#..,,,,,,,,8,,∩,,8
.........,*#.....#**,,,,,****,,,,
#...####.**#.....# *,,,,,* *,***
.........* #.....# ******* *,*
#)..#####* #.....# *,* #...#
##.....# *,* ....# #......# *,*
....#######.##.#@# ********,*
..........#.##.#e####*,,,,,,,,*
.....####.#.##..r...#*,**,,,,,*
.#.#.####.#.####.##.#*,**,**,**
.#.#.##......###.#*,..,,,,**,*
........#....e...#***#.#****,*
.#.#.####..#.#.### *,.,,,,,*
...........#.#.# *********
..###.##.....#.#


You could see Duvessa (berserk) and a quokka.

Vanquished Creatures
  Sigmund (D:2)
  Dowan (D:4)
  Ijyb (D:1)
  An orc wizard (D:3)
  A worker ant (D:4)
  Robin (D:2)
  4 adders
  An adder skeleton (D:4)
  3 worms
  A dart slug (D:1)
  2 leopard geckos (D:2)
  3 orcs (D:3)
  6 bats
  A giant cockroach (D:2)
  15 goblins
  8 hobgoblins
  6 jackals
  2 quokkas
  A ball python skeleton (D:4)
  3 frilled lizards
  11 kobolds
  A leopard gecko skeleton (D:4)
  4 rats
78 creatures vanquished.

Notes
Turn   | Place    | Note
-------+----------+-------------------------------------------
     0 | D:1      | MDvedh the Mummy Gladiator began the quest for the Orb.
     0 | D:1      | Reached XP level 1. HP: 16/16 MP: 1/1
   132 | D:1      | Reached XP level 2. HP: 20/22 MP: 2/2
   699 | D:1      | Reached skill level 1 in Maces & Flails
   846 | D:2      | Noticed Robin
   867 | D:2      | Reached XP level 3. HP: 27/27 MP: 3/3
   923 | D:2      | Noticed Sigmund
   954 | D:1      | HP: 1/27 [goblin[Robin] (5)]
  1256 | D:2      | Noticed Ijyb
  1277 | D:1      | Killed Ijyb
  1277 | D:1      | Reached skill level 2 in Maces & Flails
  1277 | D:1      | Reached XP level 4. HP: 26/33 MP: 4/4
  1351 | D:2      | Killed Sigmund
  1351 | D:2      | Reached skill level 4 in Maces & Flails
  1351 | D:2      | Reached XP level 5. HP: 37/38 MP: 5/5
  1432 | D:2      | Found a runed door.
  1508 | D:2      | Noticed Jessica
  1514 | D:2      | Banished Jessica
  1540 | D:2      | Killed Robin
  1540 | D:2      | Reached XP level 6. HP: 25/44 MP: 6/6
  1875 | D:2      | Noticed Crazy Yiuf
  2404 | D:3      | Found a faded altar of an unknown god.
  3161 | D:4      | Found Ysoill's General Store.
  3191 | D:4      | Noticed Blork the orc
  3194 | D:4      | Noticed Duvessa
  3196 | D:4      | Noticed Dowan
  3211 | D:4      | Banished Blork the orc
  3211 | D:4      | Reached skill level 5 in Maces & Flails
  3361 | D:4      | Killed Dowan
  3427 | D:4      | Reached skill level 1 in Armour
  3433 | D:4      | Found a staircase to the Ecumenical Temple.
  3438 | Temple   | Entered the Ecumenical Temple
  3539 | Temple   | Became a worshipper of Warmaster Okawaru
  3656 | D:4      | Slain by Duvessa

Skill      XL: |  1  2  3  4  5  6 |
---------------+-------------------+-----
Staves         | 3 |  3.0
Maces & Flails | 1 2 4 5 |  5.1
Armour         | 1 |  1.0
Fighting       | |  2.3
Throwing       | |  1.5
Dodging        | |  2.6

Action                   |  1- 3 |  4- 6 || total
-------------------------+-------+-------++-------
Melee: Quarterstaff      |    27 |       ||    27
       Whip              |    85 |   189 ||   274
  Use: Scroll            |     2 |     6 ||     8
Armor: Leather armour    |     3 |       ||     3
       Scale mail        |     5 |       ||     5
       Chain mail        |    76 |    85 ||   161
Dodge: Dodged            |    69 |    68 ||   137
